 Dungeon Crawl Stone Soup version 0.17.0-24-gcfadda4 (webtiles) character file.

1561 vatarom the Changer (level 8, 0/79 HPs)
             Began as a Green Draconian Transmuter on Nov 16, 2015.
             Was a Follower of Cheibriados.
             Slain by Joseph
             ... wielding a +0 quarterstaff
              (19 damage)
             ... on level 7 of the Dungeon.
             The game lasted 00:16:45 (7244 turns).

vatarom the Changer (Green Draconian Transmuter)    Turns: 7244, Time: 00:16:45

Health: 0/79       AC:  6    Str: 15    XL:     8   Next: 58%
Magic:  5/11       EV: 11    Int: 19    God:    Cheibriados [*.....]
Gold:   272        SH:  0    Dex: 15    Spells: 4 memorised, 1 level left

rFire  x . .     SeeInvis .       - Unarmed
rCold  + + +     Clarity  .     (armour unavailable)
rNeg   . . .     SustAt   .     (shield currently unavailable)
rPois  +         Gourm    .     (helmet currently unavailable)
rElec  .         Spirit   .     (cloak currently unavailable)
rCorr  .         Warding  .     (gloves currently unavailable)
rMut   .         Stasis   .     (boots currently unavailable)
MR     .....                    (no amulet)
Stlth  +.........               (no ring)
                                (no ring)

@: ice-form, very slow, not resistant to hostile enchantments, very unstealthy
A: (breathe noxious fumes), unfitting armour, (poison resistance),
(cold-blooded), AC +6
a: End Transformation, Bend Time, Renounce Religion


You were on level 7 of the Dungeon.
You worshipped Cheibriados.
Cheibriados was aware of your devotion.
You were not hungry.
You were a creature of crystalline ice.
You visited 2 branches of the dungeon, and saw 8 of its levels.

You collected 272 gold pieces.

Inventory:

Missiles
 a - 122 arrows
Armour
 g - a +1 pair of gloves (melded)
 p - a +0 pair of boots (melded)
Wands
 i - a wand of draining (0)
Scrolls
 j - 2 scrolls of identify
 k - 4 scrolls of remove curse
 m - a scroll of enchant armour
Potions
 e - a potion of cancellation
Books
 b - a book of Changes

   Spells                             Type                      Level
   a - Beastly Appendage              Transmutation                1
   b - Sticks to Snakes               Transmutation                2
   c - Spider Form                    Transmutation/Poison         3
   d - Ice Form                       Ice/Transmutation            4
   e - Blade Hands                    Transmutation                5
 l - a book of the Warp

   Spells                             Type                      Level
   a - Recall                         Summoning/Translocation      3
   b - Gell's Gravitas                Hexes/Translocation          3
   c - Force Lance                    Conjuration/Translocation    4
   d - Phase Shift                    Translocation                5
   e - Warp Weapon                    Charms/Translocation         5
   f - Summon Forest                  Summoning/Translocation      5
Comestibles
 d - 4 meat rations
 f - 3 beef jerkies
 h - a slice of pizza


   Skills:
 - Level 4.1 Fighting
 - Level 3.6 Dodging
 - Level 3.0 Unarmed Combat
 - Level 2.0 Spellcasting
 - Level 7.5 Transmutations
 + Level 2.8 Ice Magic
 + Level 5.1 Evocations


You had one spell level left.
You knew the following spells:

 Your Spells              Type           Power        Failure   Level  Hunger
a - Beastly Appendage     Trmt           ####..       1%          1    #......
b - Sticks to Snakes      Trmt           ####......   1%          2    ###....
c - Spider Form           Trmt/Pois      ###.......   12%         3    ###....
d - Ice Form              Ice/Trmt       ###.....     21%         4    #####..


Dungeon Overview and Level Annotations

Branches:
Dungeon (7/15)             Temple (1/1) D:4

Altars:
Cheibriados
Dithmenos
Elyvilon
Fedhas
Gozag
Kikubaaqudgha
Makhleb
Okawaru
Qazlal
Ru
Sif Muna
Trog
Vehumet
Yredelemnul
Zin
The Shining One

Annotations:
D:5 ConnectionFaild's ghost, amateur DDNe
D:6 1 exclusion
D:7 Joseph


Innate Abilities, Weirdness & Mutations

((You can breathe blasts of noxious fumes.))
((Your lurid green scales are hard (AC +6).))
Your body does not fit into most forms of armour.
((Your system is resistant to poisons.))
((You are cold-blooded and may be slowed by cold attacks.))


Message History

The orc closely misses you.
Joseph hits you with an uncursed quarterstaff!!
Drink which item? (? for menu, Esc to quit)
Okay, then.
Read which item? (? for menu, Esc to quit)
Okay, then.
You punch Joseph! You freeze Joseph.
Joseph is moderately wounded.
The orc misses you.
You punch Joseph! You freeze Joseph.
Joseph is heavily wounded.
Joseph hits you with an uncursed quarterstaff!
* * * LOW HITPOINT WARNING * * *
The orc hits you with a mace.
* * * LOW HITPOINT WARNING * * *
The flow of time bends around you.
Joseph resists with some effort.
Cheibriados rebukes the orc.
The orc seems to slow down.
Joseph hits you with an uncursed quarterstaff!!
You die...

.# #.# .. ###/ ..#
..... ... ..# #.#.
... .!# ... ... #.#
..# ####.##.. #.#
#####o.##.###........
#.#
#...Y......##........
#.#
#.###@...........>...
#.# #.#
.###..###....<.# #.#
#.# .# ....?..(#.#
#.# #.# ..
/......##.# #<# #.#
## .###### #.# #.#
#.# ..# #)# #.# ..#
###.### #.# #.#


You could see Joseph and an orc.

Vanquished Creatures
  Pikel (D:6)
  An ogre (D:5)
  3 phantoms
  A slave (D:6)
  Blork the orc (D:5)
  2 giant frogs
  A scorpion (D:4)
  An electric eel (D:6)
  A giant frog zombie (D:5)
  3 orc priests
  4 hounds
  An orc wizard (D:3)
  An iguana (D:5)
  A killer bee zombie (D:6)
  A hound zombie (D:7)
  A worker ant zombie (D:6)
  6 adders
  A shadow imp (D:7)
  4 oozes
  An adder zombie (D:6)
  3 giant geckos
  17 orcs
  5 giant cockroaches
  8 goblins
  4 hobgoblins
  3 jackals (D:2)
  10 kobolds
  A quokka (D:4)
  A ball python (D:1)
  4 bats
  4 giant newts
  6 rats
102 creatures vanquished.

Vanquished Creatures (collateral kills)
  A worker ant (D:5)
1 creature vanquished.

Vanquished Creatures (others)
  An electric eel (D:6)
  A centaur skeleton (D:6)
  A giant frog skeleton (D:6)
  2 plants (D:6)
5 creatures vanquished.

Grand Total: 108 creatures vanquished

Notes
Turn   | Place    | Note
--------------------------------------------------------------
     0 | D:1      | vatarom the Draconian Transmuter began the quest for the Orb.
     0 | D:1      | Reached XP level 1. HP: 16/16 MP: 3/3
   314 | D:1      | Reached XP level 2. HP: 20/23 MP: 3/5
   402 | D:1      | Learned a level 2 spell: Sticks to Snakes
  1149 | D:2      | Reached XP level 3. HP: 25/28 MP: 4/6
  1154 | D:2      | Learned a level 3 spell: Spider Form
  1791 | D:3      | Reached XP level 4. HP: 8/35 MP: 4/7
  2096 | D:3      | Reached XP level 5. HP: 39/41 MP: 8/8
  2723 | D:4      | Noticed a phantom
  2859 | D:4      | Found a staircase to the Ecumenical Temple.
  2870 | Temple   | Entered the Ecumenical Temple
  2959 | Temple   | Became a worshipper of Cheibriados the Contemplative
  3087 | D:4      | Killed a phantom
  3087 | D:4      | Reached skill level 4 in Transmutations
  3087 | D:4      | Reached XP level 6. HP: 29/51 MP: 6/9
  3794 | D:4      | Found a basalt altar of Yredelemnul.
  3794 | D:4      | Found a white marble altar of Elyvilon.
  3794 | D:4      | Found a radiant altar of Vehumet.
  3794 | D:4      | Found a bloodstained altar of Trog.
  3794 | D:4      | Noticed a phantom
  3795 | D:4      | Found a glowing silver altar of Zin.
  3795 | D:4      | Found a blossoming altar of Fedhas.
  3870 | D:4      | Killed a phantom
  3870 | D:4      | Reached skill level 5 in Transmutations
  3870 | D:4      | Reached skill level 1 in Evocations
  3980 | D:4      | Found a stormy altar of Qazlal.
  4047 | D:5      | Entered Level 5 of the Dungeon
  4072 | D:5      | Your scales start taking on a lurid green colour.
  4072 | D:5      | Gained mutation: Your system is resistant to poisons. [Green Draconian growth]
  4072 | D:5      | Reached XP level 7. HP: 51/58 MP: 7/10
  4152 | D:5      | Reached * piety under Cheibriados
  4212 | D:5      | Noticed ConnectionFaild's ghost (amateur DDNe)
  4540 | D:5      | Noticed Blork the orc
  4547 | D:5      | Found a glowing golden altar of the Shining One.
  4558 | D:5      | Killed Blork the orc
  4558 | D:5      | Reached skill level 6 in Transmutations
  5255 | D:6      | Noticed Pikel
  5320 | D:6      | Killed Pikel
  5320 | D:6      | Reached skill level 7 in Transmutations
  5320 | D:6      | Reached XP level 8. HP: 29/66 MP: 9/11
  5512 | D:6      | Learned a level 4 spell: Ice Form
  5685 | D:6      | Reached skill level 1 in Ice Magic
  6718 | D:6      | Reached skill level 5 in Evocations
  7120 | D:7      | Noticed Joseph
  7244 | D:7      | Slain by Joseph

Action                   |  1- 3 |  4- 6 |  7- 9 || total
-------------------------+-------+-------+-------++-------
Melee: Unarmed           |   164 |   215 |   163 ||   542
 Cast: Beastly Appendage |    14 |    15 |     2 ||    31
       Sticks to Snakes  |     3 |       |     4 ||     7
       Spider Form       |     2 |     5 |     5 ||    12
       Ice Form          |       |       |     7 ||     7
Invok: Bend Time         |       |     2 |     3 ||     5
 Abil: Breathe Noxious F |       |       |    14 ||    14
       End Transformatio |       |       |     2 ||     2
Evoke: Wand              |       |     2 |     3 ||     5
  Use: Scroll            |     4 |     2 |     1 ||     7
       Potion            |     2 |     7 |     6 ||    15
 Stab: Sleeping          |       |     2 |       ||     2
       Confused          |       |       |     5 ||     5
  Eat: Bread ration      |     1 |     2 |     3 ||     6
       Chunk             |       |     1 |       ||     1
